 Dungeon Crawl Stone Soup version 0.29.0-4-gdea44cf6ec (webtiles) character file.

Game seed: 9654240157447110966

81 qw the Chopper (level 4, 0/26 HPs)
             Began as a Tengu Warper on Aug 28, 2022.
             Slain by a gnoll
             ... wielding a +0 spear
              (6 damage)
             ... on level 3 of the Dungeon.
             The game lasted 00:00:13 (2587 turns).

qw the Chopper (Tengu Warper)                       Turns: 2587, Time: 00:00:13

Health: 0/26       AC:  8    Str: 13      XL:     4   Next: 42%
Magic:  8/8        EV:  6    Int: 12 (14) God:
Gold:   179        SH:  0    Dex: 10 (13) Spells: 7/7 levels left

rFire   . . .      SeeInvis .   Y - +1 hand axe
rCold   . . .      Faith    .   (no shield)
rNeg    . . .      Spirit   .   h - +0 chain mail
rPois   .          Reflect  .   (helmet restricted)
rElec   .          Harm     .   (no cloak)
rCorr   .          Rampage  .   (no gloves)
Will    .....                   (boots unavailable)
Stlth   ..........              (no amulet)
HPRegen 0.08/turn               (no ring)
MPRegen 0.11/turn               (no ring)

@: no status effects
A: beak, talons 3
a: no special abilities


You were on level 3 of the Dungeon.
You visited 1 branch of the dungeon, and saw 3 of its levels.

You collected 179 gold pieces.


Innate Abilities, Weirdness & Mutations

You have a beak for a mouth.
You have claws for feet.


   Skills:
 - Level 2.0 Fighting
 + Level 5.0 Axes
 - Level 1.0 Throwing
 - Level 1.1 Armour
 - Level 2.1 Dodging
 - Level 2.0 Spellcasting
 - Level 2.4 Translocations


You had 7 spell levels left.
You didn't know any spells.
Your spell library contained the following spells:

 Spells                   Type           Power      Damage    Failure   Level
 Blink                    Tloc           12%        N/A       99%         2
 Gell's Gravitas          Tloc           6%         N/A       100%        3
 Lesser Beckoning         Tloc           6%         N/A       100%        3
 Teleport Other           Tloc           6%         N/A       100%        3
 Manifold Assault         Tloc           6%         N/A       100%        5

Inventory:

Hand Weapons
 f - a +0 whip
 Y - a +1 hand axe (weapon)
Armour
 h - a +0 chain mail (worn)
Scrolls
 b - a scroll of poison {unknown}
 i - a scroll of silence {unknown}
 k - 2 scrolls of teleportation
Potions
 a - a potion of mutation {unknown}
 c - a potion of curing {unknown}
 d - a potion of lignification {unknown}
 e - a potion of haste {unknown}
 g - 2 potions of berserk rage {unknown}
 j - a potion of flight {unknown}

Dungeon Overview and Level Annotations

Branches:
Dungeon (3/15)

Altars:


Message History

An orc comes into view. It is wielding a +0 vorpal hand axe.
2573 ||| Stepping ~*~*~tactically~*~*~ (stealth).
The orc suddenly jeers, as Orcs often do.
You hit the orc but do no damage. The orc hits you but does no damage.
You barely miss the orc. You claw the orc!
You kill the orc!
You feel your strength returning.
You now have 179 gold pieces (gained 15).
Things that are here:
a +0 club; an orc corpse An orc and a gnoll come into view.
The orc is wielding a +0 vorpal hand axe.
The orc shouts!
The gnoll shouts!
You hear a shout! x2
A gnoll comes into view. It is wielding a +0 whip.
2581 ||| Stepping ~*~*~tactically~*~*~ (hiding).
Things that are here:
a +0 club; an orc corpse You start waiting.
There are monsters nearby!
A gnoll comes into view. It is wielding a +0 club.
The gnoll shouts!
The gnoll closely misses you.
A gnoll comes into view. It is wielding a +0 whip.
The gnoll moves out of view.
You barely miss the gnoll. You hit the orc. The gnoll hits you with a +0 whip.
The gnoll hits you from afar with a +0 spear!
The orc hits you with a +0 vorpal hand axe.
You barely miss the orc.
The orc is severely wounded.
You barely miss the gnoll. The gnoll hits you but does no damage.
The gnoll barely misses you. The orc closely misses you.
You hit the orc.
You kill the orc!
You hit the gnoll. The gnoll hits you with a +0 whip!
The gnoll hits you from afar with a +0 spear.
You die...

######### #g@)....#
.###)###...###
.o.gg...#.#..##
.###....#.#...### #
........#.#.....##.#
.#...###...###...#.##
....#
..#.#...#.....## ..##
#.#...###..... .
#.#...#..#....


You could see 3 gnolls.

Vanquished Creatures
  3 adders
  A dart slug (D:1)
  2 orcs (D:3)
  7 ball pythons
  3 endoplasms
  2 giant cockroaches (D:1)
  3 goblins
  6 hobgoblins
  2 jackals (D:1)
  3 quokkas
  4 bats
  A frilled lizard (D:1)
  7 kobolds
  4 rats
48 creatures vanquished.

Notes
Turn   | Place    | Note
-------+----------+-------------------------------------------
     0 | D:1      | qw the Tengu Warper began the quest for the Orb.
     0 | D:1      | Reached XP level 1. HP: 12/12 MP: 4/4
     0 | D:1      | 0 ||| qw: Version: 0.1-a-89-g26bdef1
     0 | D:1      | 0 ||| qw: Game counter: 605
     0 | D:1      | 0 ||| qw: Always use a shield: true
     0 | D:1      | 0 ||| qw: God list: Okawaru
     0 | D:1      | 0 ||| qw: Allow faded altars: false
     0 | D:1      | 0 ||| qw: Do Orc after D:15 true
     0 | D:1      | 0 ||| qw: Do second Lair branch before Depths: true
     0 | D:1      | 0 ||| qw: Lair rune preference: random
     0 | D:1      | 0 ||| qw: Plans: Normal
     0 | D:1      | 0 ||| PLANNING D:1-11
    27 | D:1      | You fall into a shaft and drop 1 floor!
   189 | D:2      | 189 ||| DROPPING +0 robe of willpower.
   190 | D:2      | 190 ||| DROPPING scroll of blinking.
   287 | D:1      | Reached XP level 2. HP: 16/17 MP: 6/6
   289 | D:1      | Reached skill level 3 in Axes
   521 | D:1      | 521 ||| Stepping ~*~*~tactically~*~*~ (hiding).
   682 | D:1      | 682 ||| Stepping ~*~*~tactically~*~*~ (stealth).
   962 | D:1      | Reached XP level 3. HP: 13/21 MP: 7/7
  1225 | D:1      | 1225 ||| Stepping ~*~*~tactically~*~*~ (stealth).
  1508 | D:1      | Reached skill level 4 in Axes
  1527 | D:1      | 1527 ||| UPGRADING to +0 chain mail.
  1537 | D:1      | 1537 ||| DROPPING +0 leather armour.
  1538 | D:1      | 1538 ||| READING scroll labelled JALAJI BA MAQ.
  1539 | D:1      | 1539 ||| READING scroll labelled DIODAFUICW.
  1540 | D:1      | 1540 ||| READING 2 scrolls labelled ONLIMU QAMOWN.
  2001 | D:2      | 2001 ||| Stepping ~*~*~tactically~*~*~ (stealth).
  2060 | D:2      | Reached XP level 4. HP: 26/26 MP: 8/8
  2297 | D:2      | 2297 ||| READING scroll labelled NUMAUMIANK.
  2298 | D:2      | 2298 ||| READING scroll labelled ZIRUWU DAHOF.
  2299 | D:2      | 2299 ||| READING scroll labelled MIAROA POSOMUNG.
  2300 | D:2      | 2300 ||| DRINKING 2 bubbling grey potions.
  2301 | D:2      | 2301 ||| DRINKING 2 lumpy cyan potions.
  2302 | D:2      | 2302 ||| DROPPING potion of degeneration.
  2303 | D:2      | 2303 ||| DROPPING potion of magic.
  2537 | D:3      | Reached skill level 5 in Axes
  2570 | D:3      | 2570 ||| Stepping ~*~*~tactically~*~*~ (stealth).
  2571 | D:3      | 2571 ||| Stepping ~*~*~tactically~*~*~ (stealth).
  2573 | D:3      | 2573 ||| Stepping ~*~*~tactically~*~*~ (stealth).
  2581 | D:3      | 2581 ||| Stepping ~*~*~tactically~*~*~ (hiding).
  2587 | D:3      | HP: 6/26 [gnoll/+0 whip (7)]
  2587 | D:3      | Slain by a gnoll

Levels and vault maps discovered:
D:1:      psy_arrival_whirlpool, layout_basic
D:2:      layout_loops_cross, minmay_fountain_box
D:3:      layout_loops_cross, grunt_temple_overflow_cloverleaf, nicolae_titane

Skill      XL: |  1  2  3  4 |
---------------+-------------+-----
Axes           | 3 4 5 |  5.0
Fighting       | |  2.0
Throwing       | |  1.0
Armour         | |  1.1
Dodging        | |  2.1
Spellcasting   | |  2.0
Translocations | |  2.4

Action                   |  1- 3 |  4- 6 || total
-------------------------+-------+-------++-------
Melee: Hand axe          |    72 |    28 ||   100
       Peck              |     7 |     4 ||    11
       Kick              |    16 |     8 ||    24
Throw: Boomerang         |     7 |       ||     7
  Use: Scroll            |     3 |     3 ||     6
       Potion            |       |     2 ||     2
Armor: Leather armour    |     7 |       ||     7
       Chain mail        |     8 |    13 ||    21
Dodge: Dodged            |    28 |     9 ||    37

Table legend:
 A = Non-vault XP
 B = Vault XP
 C = Vault XP percentage of total XP
 D = Non-vault monster count
 E = Vault monster count
 F = Vault count percentage of total count
                 A         B        C        D         E       F
            +---------+---------+-------+---------+---------+-------
      Total |     120 |       0 |   0.0 |      48 |       0 |   0.0
            +---------+---------+-------+---------+---------+-------
        D:1 |      42 |       0 |   0.0 |      24 |       0 |   0.0
        D:2 |      47 |       0 |   0.0 |      14 |       0 |   0.0
        D:3 |      31 |       0 |   0.0 |      10 |       0 |   0.0
            +---------+---------+-------+---------+---------+-------
